Map: 莱瑞拉克之冠

Players

shengy - Winner!

  • Race: Zerg Zerg
  • League: Platinum

CaptKroger

  • Race: Terran Terran
  • League: Platinum

VOD

Have the link to the VOD?

Description

Time

  • Played on: Jan. 2, 2016, 5:30 p.m.
  • Length: 15:11
Show
View Real Time Build Order
Export as new Build Order

shengy Zerg - Winner!

Build Orders: Hatch First 

Get SALT Encoding   

  12  0:01  Drone  
  13  0:09  Drone  
  14  0:17  Overlord  
  14  0:36  Drone x3  
  17  0:47  Drone  
  18  0:57  Hatchery  
  18  1:03  Drone  
  18  1:08  Drone  
  18  1:10  Extractor  
  18  1:21  Spawning Pool  
  18  1:23  Drone  
  18  1:29  Drone  
  19  1:41  Overlord  
  19  1:52  Drone  
  20  2:12  Queen  
  20  2:13  Queen  
  20  2:14  Zergling x6  
  27  2:19  Metabolic Boost  
  27  2:34  Spore Crawler  
  26  2:42  Drone  
  28  3:00  Queen  
  28  3:01  Queen  
  32  3:11  Extractor  
  32  3:12  Drone x4, Roach Warren  
  34  3:13  Drone x2  
  36  3:55  Overlord x3  
  36  4:06  Lair  
  36  4:24  Hatchery  
  36  4:25  Drone x5  
  36  4:26  Drone  
  41  4:34  Drone x4  
  41  4:36  Drone x2  
  47  4:41  Drone  
  48  4:52  Extractor  
  47  4:53  Drone x2, Extractor  
  48  5:08  Glial Reconstitution  
  48  5:11  Drone  
  48  5:12  Evolution Chamber, Drone x3  
  48  5:13  Evolution Chamber  
  50  5:19  Drone x4  
  54  5:22  Drone x2  
  54  5:26  Overlord x2  
  55  5:39  Overlord x2  
  55  5:41  Queen  
  57  5:44  Zerg Missile Weapons Level 1  
  57  5:45  Zerg Ground Armor Level 1  
  57  6:04  Roach x9  
  75  6:24  Roach x7  
  89  6:26  Overlord  
  89  6:59  Drone x8  
  89  7:00  Overlord  
  89  7:01  Overlord x3  
  97  7:14  Infestation Pit  
  97  7:15  Drone  
  97  7:19  Drone  
  97  7:20  Drone x7  
  105  7:22  Extractor  
  105  7:23  Extractor  
  105  7:26  Hatchery, Overlord  
  102  7:36  Ravager  
  104  7:37  Ravager x14  
  104  7:40  Drone x5  
  122  7:48  Overlord  
  122  8:01  Overlord x3  
  122  8:02  Overlord x2  
  122  8:14  Hatchery  
  122  8:19  Zerg Ground Armor Level 2, Hatchery, Zerg Missile Weapons Level 2  
  120  8:28  Roach x4  
  120  8:34  Hydralisk Den, Overseer x3  
  127  8:36  Overseer  
  125  9:03  Hydralisk x11  
  147  9:16  Hive  
  147  9:26  Overlord  
  147  9:28  Queen  
  149  9:42  Drone  
  149  9:43  Drone x20  
  149  9:44  Drone  
  171  9:55  Muscular Augments  
  171  10:10  Baneling Nest, Zergling x2  
  171  10:11  Zergling x2  
  171  10:12  Spine Crawler, Zergling x2  
  171  10:13  Zergling x2  
  173  10:14  Spine Crawler  
  173  10:15  Spine Crawler  
  173  10:16  Pathogen Glands, Spine Crawler  
  173  10:19  Spine Crawler  
  169  10:23  Pneumatized Carapace  
  169  10:25  Zergling x2  
  169  10:27  Extractor  
  169  10:28  Extractor  
  168  10:43  Spine Crawler  
  168  10:44  Hatchery, Spine Crawler  
  168  10:45  Spine Crawler x2  
  168  10:46  Spine Crawler  
  168  10:47  Spine Crawler  
  161  10:58  Spire  
  161  11:00  Spire, Adrenal Glands  
  161  11:01  Zerg Ground Armor Level 3  
  159  11:06  Ultralisk Cavern  
  159  11:07  Queen x2  
  161  11:29  Lair  
  161  12:03  Chitinous Plating  
  161  12:04  Lurker Den  
  161  12:13  Spine Crawler  
  161  12:14  Spore Crawler x2  
  161  12:15  Spine Crawler  
  157  12:16  Spine Crawler  
  157  12:17  Spore Crawler  
  157  12:19  Zerg Missile Weapons Level 3  
  155  12:27  Spine Crawler  
  152  12:58  Spire  
  151  13:05  Ultralisk x5  
  181  13:06  Ultralisk  
  181  13:07  Zergling x2  
  181  13:08  Zergling x22  
  199  13:56  Extractor  
  199  13:57  Extractor  
  197  14:08  Baneling  
  197  14:09  Baneling x26  
  197  14:10  Baneling x5  
  127  14:45  Zergling x12  
  147  14:46  Zergling x24  
Show
View Real Time Build Order
Export as new Build Order

CaptKroger Terran 

Build Orders: MMM Bio 

Get SALT Encoding   

  12  0:01  SCV  
  13  0:13  SCV  
  14  0:22  Supply Depot  
  14  0:25  SCV  
  15  0:44  SCV  
  15  0:46  Barracks  
  15  0:48  Refinery  
  16  0:56  SCV  
  17  1:08  SCV  
  18  1:20  SCV  
  20  1:33  Reaper  
  20  1:35  Supply Depot  
  20  1:36  Orbital Command  
  20  2:05  Reaper  
  20  2:07  Command Center  
  21  2:08  SCV  
  21  2:14  Refinery  
  22  2:51  Reaper  
  22  3:09  SCV  
  23  3:16  Factory, Barracks  
  23  3:18  Barracks  
  24  3:36  SCV  
  25  3:48  SCV  
  26  3:53  Barracks Reactor  
  26  3:54  Orbital Command  
  24  4:03  Factory Tech Lab  
  24  4:07  Starport  
  24  4:12  Barracks Tech Lab  
  24  4:16  Barracks Reactor  
  23  4:21  Bunker  
  23  4:26  Siege Tank  
  25  4:37  Marauder, Marine x2  
  29  4:40  SCV  
  29  4:41  SCV  
  31  4:48  Supply Depot x2  
  31  4:52  SCV  
  31  4:53  Marine, Command Center  
  31  4:54  Marine  
  31  4:55  Medivac, Marine x2  
  31  4:57  SCV  
  39  5:05  SCV  
  39  5:06  Orbital Command  
  40  5:13  Supply Depot  
  40  5:15  Marine x4  
  40  5:16  Marine  
  45  5:22  SCV  
  46  5:32  Marine  
  46  5:33  SCV  
  46  5:34  SCV  
  49  5:41  Siege Tank  
  52  5:45  SCV  
  52  5:46  SCV  
  52  5:47  Bunker  
  54  5:57  SCV  
  54  5:58  SCV  
  54  5:59  Barracks  
  56  6:04  Marine  
  56  6:05  Marine x2  
  56  6:08  SCV  
  56  6:09  SCV  
  56  6:10  SCV, Starport Reactor  
  62  6:12  Stimpack  
  62  6:18  Engineering Bay  
  62  6:22  Marine  
  62  6:23  Marine  
  62  6:24  SCV  
  62  6:25  SCV  
  66  6:30  Siege Tank  
  69  6:33  SCV  
  69  6:37  SCV  
  69  6:38  SCV  
  72  6:43  Refinery  
  72  6:45  Supply Depot, Refinery, SCV  
  73  6:49  SCV  
  73  6:50  SCV  
  74  6:57  Barracks Tech Lab  
  74  6:58  SCV  
  74  7:01  SCV  
  76  7:03  Supply Depot  
  76  7:07  Siege Tank, Marine x3  
  76  7:08  SCV, Marine  
  84  7:10  SCV  
  84  7:13  Supply Depot  
  85  7:25  Marauder x2, SCV  
  90  7:30  Missile Turret, SCV  
  92  7:37  SCV  
  92  7:42  SCV  
  93  7:46  Marauder x2  
  93  7:47  Medivac x2  
  93  7:50  SCV  
  102  7:54  SCV  
  103  7:58  Orbital Command  
  103  8:02  SCV  
  104  8:08  Missile Turret  
  104  8:10  Missile Turret, SCV, Siege Tank  
  104  8:11  Marine  
  109  8:14  Combat Shields  
  109  8:16  Concussive Shells  
  109  8:22  Supply Depot  
  109  8:23  Supply Depot  
  109  8:24  Terran Infantry Armor Level 1  
  109  8:31  SCV  
  109  8:42  Sensor Tower  
  109  8:43  Missile Turret, Marine x3  
  109  8:44  SCV x3  
  109  8:45  Siege Tank, Refinery  
  109  8:46  Refinery  
  118  8:56  SCV x3  
  120  9:15  Marauder x2, SCV  
  125  9:23  Supply Depot  
  125  9:25  Supply Depot x2  
  125  9:26  Supply Depot, Engineering Bay  
  125  9:28  Armory  
  125  9:42  Marine  
  125  9:43  SCV  
  125  9:44  Marauder, Marine  
  125  9:45  Marauder, SCV, Medivac x2, Marine  
  133  9:46  SCV, Marine  
  135  9:55  SCV  
  135  9:58  SCV x2  
  135  9:59  Starport  
  138  10:00  Barracks, Marine  
  138  10:02  Barracks, Marine  
  138  10:04  Barracks, Marine  
  141  10:07  SCV  
  142  10:15  Medivac x2  
  142  10:16  Terran Infantry Weapons Level 1  
  142  10:18  Terran Ship Weapons Level 1  
  145  10:35  Marine x2  
  147  10:38  Starport Reactor, Starport  
  147  10:45  Medivac x2  
  151  11:11  Marauder x2, Marine x2  
  156  11:12  Marine  
  156  11:13  Marine  
  156  11:15  Siege Tank  
  132  11:29  Marine x2  
  132  11:30  Starport Tech Lab, Marine  
  132  11:32  Marauder, Starport  
  137  11:36  Barracks Reactor, Barracks Tech Lab x2  
  137  11:40  Factory  
  137  11:47  Siege Tank, Missile Turret  
  140  12:03  Marauder x2  
  140  12:04  Marauder x2, Marine x4  
  140  12:05  SCV  
  153  12:09  Supply Depot  
  153  12:10  Supply Depot  
  153  12:11  Supply Depot  
  153  12:14  Supply Depot  
  153  12:15  Supply Depot  
  153  12:19  Siege Tank  
  153  12:21  Marine  
  156  12:25  Marauder  
  150  12:41  Marine  
  150  12:42  Marine x8  
  149  12:46  Marine  
  141  12:51  Siege Tank  
  141  12:54  SCV  
  141  12:55  SCV  
  142  12:59  Marine x5  
  142  13:00  Marine x4  
  142  13:04  Marine  
  152  13:11  Command Center x2  
  152  13:15  Medivac x2  
  152  13:16  SCV  
  152  13:17  SCV, Marine x9  
  167  13:22  Marine  
  167  13:25  SCV  
  169  13:28  SCV  
  169  13:32  Liberator x2  
  166  13:34  Marine  
  166  13:35  Siege Tank, Marine x5  
  166  13:36  Marauder x3  
  166  13:40  Marauder  
  178  13:44  SCV x2  
  178  13:46  Raven  
  182  13:52  Marine  
  182  13:53  Marine  
  190  13:57  Marauder x3  
  190  13:59  Command Center  
  196  14:11  Medivac  
  196  14:13  Medivac  
  196  14:14  Siege Tank  
  196  14:15  Marauder  
Tags
 
Add a new tag
Caveats
  • Supply blocks, unpowered buildings, or Contaminate may cause inaccurate times.
  • Supply counts are checked every 10 seconds.